| TOP OF THE 1ST |
|
Los Angeles Dodgers batting - Pitching for Atlanta Braves : RHP Robby Benchio
|
|
Pitching: RHP Robby Benchio
|
|
|
Batting: SHB Joel Baker
|
0-0: SINGLE (Groundball, 6D, EV 94.4 MPH)
|
|
Batting: LHB Chris Ringwood
|
0-0: Ball 1-0: Called Strike 1-1: Called Strike Joel Baker steals 2nd base (no throw) 1-2: Fly out, F8 (Flyball, 8RD, EV 100.0 MPH)
|
|
Batting: LHB Bob Branham
|
0-0: Foul Ball, location: 2F 0-1: Called Strike 0-2: Ball 1-2: Ball 2-2: Ball 3-2: Base on Balls
|
|
Batting: LHB Lirak Bazhunaishvili
|
0-0: Ball 1-0: Foul Ball, location: 2F 1-1: Ball 2-1: Ball 3-1: Called Strike 3-2: Fielders Choice at 2nd, 6-4 (Groundball, 6, EV 82.5 MPH) Joel Baker to third
|
|
Batting: RHB Clay Buchanan
|
0-0: Ball 1-0: Called Strike 1-1: Ball 2-1: Called Strike 2-2: Strikes out swinging
|
| Top of the 1st over - 0 runs, 1 hit, 0 errors, 2 left on base; Los Angeles 0 - Atlanta 0 |
| BOTTOM OF THE 1ST |
|
Atlanta Braves batting - Pitching for Los Angeles Dodgers : RHP Justin Scheithauer
|
|
Pitching: RHP Justin Scheithauer
|
|
|
Batting: LHB Colin Worthington
|
0-0: Ball 1-0: Swinging Strike 1-1: Foul Ball, location: 2F 1-2: Ball 2-2: Ball 3-2: Foul Ball, location: 2F 3-2: Foul Ball, location: 2F 3-2: SINGLE (Flyball, 5D, EV 87.5 MPH)
|
|
Batting: RHB Danny Miramontes
|
0-0: Ball 1-0: Ball 2-0: Ball 3-0: Called Strike 3-1: Base on Balls Colin Worthington to second
|
|
Batting: LHB Tom Best
|
0-0: Called Strike 0-1: Swinging Strike 0-2: Strikes out swinging
|
|
Batting: LHB Seth Cook
|
0-0: SINGLE (Flyball, 9LS, EV 97.5 MPH) Colin Worthington to third Danny Miramontes to second
|
|
Batting: RHB Kanehisa Kubo
|
0-0: Foul Ball, location: 2F 0-1: Fly out, F9 (Flyball, 9, EV 77.5 MPH)
|
|
Batting: RHB Tom Beckman
|
0-0: Called Strike 0-1: Swinging Strike 0-2: Ball 1-2: Strikes out swinging
|
| Bottom of the 1st over - 0 runs, 2 hits, 0 errors, 3 left on base; Los Angeles 0 - Atlanta 0 |
| TOP OF THE 2ND |
|
Los Angeles Dodgers batting - Pitching for Atlanta Braves : RHP Robby Benchio
|
|
Batting: LHB Ryan Taylor
|
0-0: Ball 1-0: DOUBLE (Line Drive, 7LS, EV 108.8 MPH)
|
|
Batting: RHB Tsutomu Irie
|
0-0: Called Strike 0-1: Called Strike 0-2: Ball 1-2: Ground out 3-1 (Groundball, 34, EV 103.8 MPH) Ryan Taylor to third
|
|
Batting: SHB Carlos Rodriguez
|
0-0: Fly out, F5 (Line Drive, 6, EV 71.2 MPH)
|
|
Batting: RHB Ben Mischnick
|
0-0: Called Strike 0-1: Called Strike 0-2: Ball 1-2: Ball 2-2: Ground out 5-3 (Groundball, 56, EV 106.9 MPH)
|
| Top of the 2nd over - 0 runs, 1 hit, 0 errors, 1 left on base; Los Angeles 0 - Atlanta 0 |
| BOTTOM OF THE 2ND |
|
Atlanta Braves batting - Pitching for Los Angeles Dodgers : RHP Justin Scheithauer
|
|
Batting: SHB Ken Welch
|
0-0: Called Strike 0-1: Ground out 6-3 (Groundball, 4, EV 106.2 MPH)
|
|
Batting: RHB Itsuo Egami
|
0-0: Ball 1-0: Ground out U3 (Groundball, 3, EV 84.4 MPH)
|
|
Batting: RHB Liangde Li
|
0-0: Called Strike 0-1: Foul Ball, location: 2F 0-2: Ball 1-2: Strikes out swinging
|
| Bottom of the 2nd over - 0 runs, 0 hits, 0 errors, 0 left on base; Los Angeles 0 - Atlanta 0 |
| TOP OF THE 3RD |
|
Los Angeles Dodgers batting - Pitching for Atlanta Braves : RHP Robby Benchio
|
|
Batting: SHB Joel Baker
|
0-0: SINGLE (Line Drive, 8LS, EV 105.6 MPH)
|
|
Batting: LHB Chris Ringwood
|
0-0: Swinging Strike 0-1: Called Strike 0-2: Ball 1-2: Ball 2-2: Ball 3-2: SINGLE (Groundball, 34D, EV 106.9 MPH) Joel Baker to second Runner from 2nd tries for 3rd, SAFE, throw by RF made to third
|
|
Now in RF: Francisco Hernandez
|
|
|
Batting: LHB Bob Branham
|
0-0: Ball 1-0: Ball 2-0: Ball 3-0: Called Strike 3-1: Called Strike 3-2: Grounds into double play, 4-6-3 (Groundball, 4, EV 88.1 MPH) Joel Baker scores
|
|
Batting: LHB Lirak Bazhunaishvili
|
0-0: Called Strike 0-1: Ball 1-1: Ball 2-1: Ground out 6-3 (Groundball, 6, EV 92.5 MPH)
|
| Top of the 3rd over - 1 run, 2 hits, 0 errors, 0 left on base; Los Angeles 1 - Atlanta 0 |
| BOTTOM OF THE 3RD |
|
Atlanta Braves batting - Pitching for Los Angeles Dodgers : RHP Justin Scheithauer
|
|
Batting: LHB Colin Worthington
|
0-0: Ball 1-0: Ground out 6-3 (Groundball, 6, EV 80.6 MPH)
|
|
Batting: RHB Danny Miramontes
|
0-0: Called Strike 0-1: Foul Ball, location: 2F 0-2: Ball 1-2: Ball 2-2: Foul Ball, location: 2F 2-2: Ball 3-2: SINGLE (Flyball, 4MD, EV 95.0 MPH)
|
|
Batting: RHB Francisco Hernandez
|
0-0: Ball 1-0: Ball 2-0: Ball 3-0: Base on Balls Danny Miramontes to second
|
|
Batting: LHB Seth Cook
|
0-0: Foul Ball, location: 2F 0-1: Ball 1-1: Called Strike 1-2: Ball 2-2: Ball 3-2: Base on Balls Danny Miramontes to third Francisco Hernandez to second
|
|
Batting: RHB Kanehisa Kubo
|
0-0: Called Strike 0-1: Fly out, F8 (Flyball, 89D, EV 86.2 MPH) Runner from 3rd tags up, OUT at HOME! 8-2
|
| Bottom of the 3rd over - 0 runs, 1 hit, 0 errors, 2 left on base; Los Angeles 1 - Atlanta 0 |
| TOP OF THE 4TH |
|
Los Angeles Dodgers batting - Pitching for Atlanta Braves : RHP Robby Benchio
|
|
Batting: RHB Clay Buchanan
|
0-0: Ball 1-0: Ground out U3 (Groundball, 34S, EV 79.4 MPH)
|
|
Batting: LHB Ryan Taylor
|
0-0: Ball 1-0: Called Strike 1-1: Ball 2-1: Fly out, F9 (Flyball, 9D, EV 93.1 MPH)
|
|
Batting: RHB Tsutomu Irie
|
0-0: Called Strike 0-1: SINGLE (Line Drive, 6M, EV 95.0 MPH)
|
|
Batting: SHB Carlos Rodriguez
|
0-0: Called Strike 0-1: Foul Ball, location: 2F 0-2: Foul Ball, location: 2F 0-2: Ball Tsutomu Irie is caught stealing 2nd base 2-6
|
| Top of the 4th over - 0 runs, 1 hit, 0 errors, 0 left on base; Los Angeles 1 - Atlanta 0 |
| BOTTOM OF THE 4TH |
|
Atlanta Braves batting - Pitching for Los Angeles Dodgers : RHP Justin Scheithauer
|
|
Batting: RHB Tom Beckman
|
0-0: Called Strike 0-1: Ball 1-1: Swinging Strike 1-2: Ball 2-2: Ground out 5-3 (Groundball, 56S, EV 66.9 MPH)
|
|
Batting: SHB Ken Welch
|
0-0: Called Strike 0-1: Fly out, F5 (Popup, 5, EV 60.0 MPH)
|
|
Batting: RHB Itsuo Egami
|
0-0: Ball 1-0: Called Strike 1-1: SINGLE (Groundball, 6M, EV 85.0 MPH) (infield hit)
|
|
Batting: RHB Liangde Li
|
0-0: Called Strike 0-1: Foul Ball, location: 2F 0-2: Fielders Choice at 2nd, 6-4 (Groundball, 56, EV 83.8 MPH)
|
| Bottom of the 4th over - 0 runs, 1 hit, 0 errors, 1 left on base; Los Angeles 1 - Atlanta 0 |
| TOP OF THE 5TH |
|
Los Angeles Dodgers batting - Pitching for Atlanta Braves : RHP Robby Benchio
|
|
Batting: SHB Carlos Rodriguez
|
0-0: Ball 1-0: Called Strike 1-1: Swinging Strike 1-2: Strikes out swinging
|
|
Batting: RHB Ben Mischnick
|
0-0: Called Strike 0-1: Swinging Strike 0-2: Ball 1-2: Foul Ball, location: 2F 1-2: SINGLE (Groundball, 4MD, EV 102.5 MPH)
|
|
Batting: SHB Joel Baker
|
0-0: Called Strike 0-1: Ball 1-1: Foul Ball, location: 2F 1-2: Fly out, F9 (Flyball, 9S, EV 92.5 MPH)
|
|
Batting: LHB Chris Ringwood
|
0-0: Ball 1-0: Foul Ball, location: 2F 1-1: Foul Ball, location: 2F 1-2: Fly out, F9 (Flyball, 9, EV 95.0 MPH)
|
| Top of the 5th over - 0 runs, 1 hit, 0 errors, 1 left on base; Los Angeles 1 - Atlanta 0 |
| BOTTOM OF THE 5TH |
|
Atlanta Braves batting - Pitching for Los Angeles Dodgers : RHP Justin Scheithauer
|
|
Batting: LHB Colin Worthington
|
0-0: Swinging Strike 0-1: Called Strike 0-2: Fly out, F8 (Flyball, 8LM, EV 82.5 MPH)
|
|
Batting: RHB Danny Miramontes
|
0-0: Ball 1-0: Foul Ball, location: 2F 1-1: Ball 2-1: Foul Ball, location: 2F 2-2: Foul Ball, location: 2F 2-2: Ball 3-2: Foul Ball, location: 2F 3-2: Ground out 6-3 (Groundball, 6, EV 86.9 MPH)
|
|
Batting: RHB Francisco Hernandez
|
0-0: Called Strike 0-1: Swinging Strike 0-2: Strikes out swinging
|
| Bottom of the 5th over - 0 runs, 0 hits, 0 errors, 0 left on base; Los Angeles 1 - Atlanta 0 |
| TOP OF THE 6TH |
|
Los Angeles Dodgers batting - Pitching for Atlanta Braves : RHP Robby Benchio
|
|
Batting: LHB Bob Branham
|
0-0: Ball 1-0: Ground out U3 (Groundball, 3, EV 109.4 MPH)
|
|
Batting: LHB Lirak Bazhunaishvili
|
0-0: Ball 1-0: Ball 2-0: Called Strike 2-1: Foul Ball, location: 2F 2-2: Ball 3-2: Base on Balls
|
|
Batting: RHB Clay Buchanan
|
0-0: Grounds into double play, 5-4-3 (Groundball, 5, EV 78.1 MPH)
|
| Top of the 6th over - 0 runs, 0 hits, 0 errors, 0 left on base; Los Angeles 1 - Atlanta 0 |
| BOTTOM OF THE 6TH |
|
Atlanta Braves batting - Pitching for Los Angeles Dodgers : RHP Justin Scheithauer
|
|
Batting: LHB Seth Cook
|
0-0: Ball 1-0: Swinging Strike 1-1: Swinging Strike 1-2: Strikes out looking
|
|
Batting: RHB Kanehisa Kubo
|
0-0: Ball 1-0: Called Strike 1-1: Ball 2-1: Ball 3-1: Base on Balls
|
|
Batting: RHB Tom Beckman
|
0-0: Ball Kanehisa Kubo steals 2nd base 1-0: Ball 2-0: Swinging Strike 2-1: Ball 3-1: Base on Balls
|
|
Batting: SHB Ken Welch
|
0-0: Ball 1-0: Foul Ball, location: 2F 1-1: Called Strike 1-2: Foul Ball, location: 2F 1-2: Hit by Pitch Kanehisa Kubo to third Tom Beckman to second
|
|
Batting: RHB Itsuo Egami
|
0-0: Called Strike 0-1: Ball 1-1: Ball 2-1: Foul Ball, location: 2F 2-2: DOUBLE (Flyball, 89D, EV 106.9 MPH) Kanehisa Kubo scores Tom Beckman scores Ken Welch to third
|
|
Pitching: RHP Luke Kinman
|
|
|
Batting: RHB Liangde Li
|
0-0: Ball 1-0: Swinging Strike 1-1: Foul Ball, location: 2F 1-2: Foul Ball, location: 2F 1-2: Foul Ball, location: 2F 1-2: Foul Ball, location: 2F 1-2: Ball 2-2: Fly out, F9 (Line Drive, 9, EV 90.6 MPH)
|
|
Batting: LHB Colin Worthington
|
0-0: Ground out 6-3 (Groundball, 6, EV 88.8 MPH)
|
| Bottom of the 6th over - 2 runs, 1 hit, 0 errors, 2 left on base; Los Angeles 1 - Atlanta 2 |
| TOP OF THE 7TH |
|
Los Angeles Dodgers batting - Pitching for Atlanta Braves : RHP Robby Benchio
|
|
Batting: LHB Ryan Taylor
|
0-0: Ball 1-0: Ball 2-0: Called Strike 2-1: Ball 3-1: Called Strike 3-2: Base on Balls
|
|
Pitching: RHP Marcos Tejeda
|
|
|
Batting: RHB Tsutomu Irie
|
0-0: Ball Ryan Taylor steals 2nd base 1-0: Called Strike 1-1: Ball 2-1: Swinging Strike 2-2: Strikes out swinging
|
|
Batting: SHB Carlos Rodriguez
|
0-0: Called Strike Ryan Taylor is caught stealing 3rd base 2-5 0-1: Called Strike 0-2: Ball 1-2: Foul Ball, location: 2F 1-2: Ground out 1-3 (Groundball, 15S, EV 68.8 MPH)
|
| Top of the 7th over - 0 runs, 0 hits, 0 errors, 0 left on base; Los Angeles 1 - Atlanta 2 |
| BOTTOM OF THE 7TH |
|
Atlanta Braves batting - Pitching for Los Angeles Dodgers : RHP Luke Kinman
|
|
Batting: RHB Danny Miramontes
|
0-0: Ball 1-0: Called Strike 1-1: Ground out 5-3 (Groundball, 56, EV 103.1 MPH)
|
|
Batting: RHB Francisco Hernandez
|
0-0: Called Strike 0-1: Foul Ball, location: 2F 0-2: Ball 1-2: Ball 2-2: Strikes out swinging
|
|
Batting: LHB Seth Cook
|
0-0: Ball 1-0: Fly out, F7 (Flyball, 7D, EV 97.5 MPH)
|
| Bottom of the 7th over - 0 runs, 0 hits, 0 errors, 0 left on base; Los Angeles 1 - Atlanta 2 |
| TOP OF THE 8TH |
|
Los Angeles Dodgers batting - Pitching for Atlanta Braves : RHP Marcos Tejeda
|
|
Batting: RHB Ben Mischnick
|
0-0: Hit by Pitch
|
|
Pinch Runner at 1st Dalton Silveira:
|
|
|
Batting: SHB Joel Baker
|
0-0: Bunted foul 0-1: Sac Bunt to 2R - play at first, batter OUT! 2-4 Dalton Silveira to second
|
|
Batting: LHB Chris Ringwood
|
0-0: Foul Ball, location: 2F 0-1: Ball 1-1: Ball 2-1: Foul Ball, location: 2F 2-2: Foul Ball, location: 2F 2-2: Fly out, F9 (Line Drive, 9, EV 86.9 MPH)
|
|
Batting: LHB Bob Branham
|
0-0: Ball 1-0: Ball 2-0: Fly out, F8 (Line Drive, 8RD, EV 92.5 MPH)
|
| Top of the 8th over - 0 runs, 0 hits, 0 errors, 1 left on base; Los Angeles 1 - Atlanta 2 |
| BOTTOM OF THE 8TH |
|
Atlanta Braves batting - Pitching for Los Angeles Dodgers : RHP Luke Kinman
|
|
Now at 3B: Dalton Silveira
|
|
|
Batting: RHB Kanehisa Kubo
|
0-0: Ball 1-0: Called Strike 1-1: Ball 2-1: Foul Ball, location: 2F 2-2: Ball 3-2: Base on Balls
|
|
Batting: RHB Tom Beckman
|
0-0: Bunted foul 0-1: Sac Bunt to 15 - play at first, batter OUT! 1-4 Kanehisa Kubo to second
|
|
Batting: SHB Ken Welch
|
0-0: Ball 1-0: Ground out 1-3 (Groundball, 23, EV 71.2 MPH) Kanehisa Kubo to third
|
|
Batting: RHB Itsuo Egami
|
0-0: Foul Ball, location: 2F 0-1: SINGLE (Groundball, 15S, EV 63.1 MPH) (infield hit) Kanehisa Kubo scores
|
|
Batting: RHB Liangde Li
|
0-0: Swinging Strike 0-1: Ball 1-1: Called Strike 1-2: Foul Ball, location: 2F 1-2: Ball Itsuo Egami steals 2nd base (no throw) 2-2: Ball 3-2: Foul Ball, location: 2F 3-2: Fly out, F7 (Flyball, 78M, EV 88.1 MPH)
|
| Bottom of the 8th over - 1 run, 1 hit, 0 errors, 1 left on base; Los Angeles 1 - Atlanta 3 |
| TOP OF THE 9TH |
|
Los Angeles Dodgers batting - Pitching for Atlanta Braves : RHP Marcos Tejeda
|
|
Pitching: RHP Mike Aguilar
|
|
|
Batting: LHB Lirak Bazhunaishvili
|
0-0: Called Strike 0-1: Ball 1-1: Ball 2-1: Ball 3-1: Base on Balls
|
|
Batting: RHB Clay Buchanan
|
0-0: Ball 1-0: SINGLE (Flyball, 5D, EV 95.6 MPH) Lirak Bazhunaishvili to second
|
|
Batting: LHB Ryan Taylor
|
0-0: Sac Bunt to 23 - play at first, batter OUT! 3-4 Lirak Bazhunaishvili to third Clay Buchanan to second
|
|
Batting: RHB Tsutomu Irie
|
0-0: Called Strike 0-1: Ball 1-1: Ground out 1-3 (Groundball, 13, EV 68.1 MPH)
|
|
Batting: SHB Carlos Rodriguez
|
0-0: Ball 1-0: Ground out 3-1 (Groundball, 34S, EV 85.6 MPH)
|
| Top of the 9th over - 0 runs, 1 hit, 0 errors, 2 left on base; Los Angeles 1 - Atlanta 3 |
|